3A
ATHLETIC CLUB KC U-24 @ COLUMBIA RIVER RATS
08/24/2041
 
TOP OF THE 1ST
Athletic Club KC U-24 batting - Pitching for Columbia River Rats : RHP John Boyd
Pitching: RHP John Boyd
Batting: RHB James Allingham 0-0: Ball
1-0: Ball
2-0: Called Strike
2-1: Called Strike
2-2: Ball
3-2: Strikes out swinging
Batting: LHB Greg Flynn 0-0: Foul Ball, location: 2F
0-1: Ball
1-1: Foul Ball, location: 2F
1-2: Strikes out looking
Batting: RHB Neal Lewis 0-0: Called Strike
0-1: Ball
1-1: Ground out 6-3 (Groundball, 6, EV 105.0 MPH)
Top of the 1st over - 0 runs, 0 hits, 0 errors, 0 left on base; Athletic Club KC 0 - Columbia 0
BOTTOM OF THE 1ST
Columbia River Rats batting - Pitching for Athletic Club KC U-24 : RHP Bill Torres
Pitching: RHP Bill Torres
Batting: RHB Robinson Vargas 0-0: Ball
1-0: Foul Ball, location: 2F
1-1: Swinging Strike
1-2: Ball
2-2: Strikes out looking
Batting: RHB Gregor Lennox 0-0: Swinging Strike
0-1: Ball
1-1: Swinging Strike
1-2: Ball
2-2: Ground out 6-3 (Groundball, 6, EV 97.5 MPH)
Batting: LHB Amani Marwan 0-0: Called Strike
0-1: Fly out, F8 (Flyball, 8RXD, EV 91.2 MPH)
Bottom of the 1st over - 0 runs, 0 hits, 0 errors, 0 left on base; Athletic Club KC 0 - Columbia 0
TOP OF THE 2ND
Athletic Club KC U-24 batting - Pitching for Columbia River Rats : RHP John Boyd
Batting: SHB Francisco Rojas 0-0: Ball
1-0: Called Strike
1-1: Foul Ball, location: 2F
1-2: Fly out, F8 (Flyball, 78D, EV 93.1 MPH)
Batting: SHB Osvaldo Ardiles 0-0: Foul Ball, location: 2F
0-1: Ground out 1-3 (Groundball, 34S, EV 73.8 MPH)
Batting: RHB Leon Burns 0-0: Ball
1-0: Swinging Strike
1-1: Ball
2-1: Foul Ball, location: 2F
2-2: Strikes out swinging wild pitch, reaches first!
Batting: SHB Ross Evans 0-0: Called Strike
0-1: Ball
1-1: SINGLE (Line Drive, 7LS, EV 92.5 MPH)
Leon Burns to second
Batting: RHB Morton Scott 0-0: Called Strike
0-1: Ball
1-1: Ball
2-1: Foul Ball, location: 2F
2-2: Strikes out swinging
Top of the 2nd over - 0 runs, 1 hit, 0 errors, 2 left on base; Athletic Club KC 0 - Columbia 0
BOTTOM OF THE 2ND
Columbia River Rats batting - Pitching for Athletic Club KC U-24 : RHP Bill Torres
Batting: RHB Guillermo Alemán 0-0: Called Strike
0-1: Ball
1-1: Swinging Strike
1-2: Ball
2-2: Ball
3-2: Fly out, F6 (Popup, 15S, EV 93.1 MPH)
Batting: RHB Koryusai Maejima 0-0: Called Strike
0-1: Foul Ball, location: 2F
0-2: Ball
1-2: Foul Ball, location: 2F
1-2: DOUBLE (Line Drive, 8LXD, EV 106.2 MPH)
Batting: RHB Robbie Clark 0-0: Called Strike
0-1: Ground out U3 (Groundball, 3S, EV 81.2 MPH)
Koryusai Maejima to third
Batting: LHB Al Tanner 0-0: Ball
1-0: Ball
2-0: Ball
3-0: Called Strike
3-1: Foul Ball, location: 2F
3-2: Base on Balls
Batting: RHB Oliver Buss 0-0: Swinging Strike
0-1: Ball
1-1: Foul Ball, location: 2F
1-2: Hit by Pitch
Al Tanner to second
Batting: RHB Yvon Parisot 0-0: Ball
1-0: Ball
2-0: Ball
3-0: Called Strike
3-1: DOUBLE (Flyball, 8RXD, EV 104.4 MPH)
Koryusai Maejima scores
Al Tanner scores
Oliver Buss to third
Batting: RHB Robinson Vargas 0-0: Called Strike
0-1: Swinging Strike
0-2: Ground out 6-3 (Groundball, 6, EV 79.4 MPH)
Bottom of the 2nd over - 2 runs, 2 hits, 0 errors, 2 left on base; Athletic Club KC 0 - Columbia 2
TOP OF THE 3RD
Athletic Club KC U-24 batting - Pitching for Columbia River Rats : RHP John Boyd
Batting: RHB Doug Bishop 0-0: Swinging Strike
0-1: Ground out 6-3 (Groundball, 6, EV 86.2 MPH)
Batting: RHB James Allingham 0-0: Ball
1-0: Called Strike
1-1: Called Strike
1-2: Strikes out swinging
Batting: LHB Greg Flynn 0-0: Foul Ball, location: 2F
0-1: Foul Ball, location: 2F
0-2: Foul Ball, location: 2F
0-2: Ball
1-2: Strikes out swinging
Top of the 3rd over - 0 runs, 0 hits, 0 errors, 0 left on base; Athletic Club KC 0 - Columbia 2
BOTTOM OF THE 3RD
Columbia River Rats batting - Pitching for Athletic Club KC U-24 : RHP Bill Torres
Batting: RHB Gregor Lennox 0-0: Ball
1-0: Swinging Strike
1-1: Ball
2-1: Foul Ball, location: 2F
2-2: Ball
3-2: Strikes out looking
Batting: LHB Amani Marwan 0-0: Ball
1-0: Ball
2-0: Ball
3-0: Called Strike
3-1: Ground out 5-3 (Groundball, 56, EV 83.8 MPH)
Batting: RHB Guillermo Alemán 0-0: Foul Ball, location: 2F
0-1: Fly out, F7 (Line Drive, 7, EV 108.1 MPH)
Bottom of the 3rd over - 0 runs, 0 hits, 0 errors, 0 left on base; Athletic Club KC 0 - Columbia 2
TOP OF THE 4TH
Athletic Club KC U-24 batting - Pitching for Columbia River Rats : RHP John Boyd
Batting: RHB Neal Lewis 0-0: Foul Ball, location: 2F
0-1: Ball
1-1: Ball
2-1: Ground out 6-3 (Groundball, 6, EV 90.0 MPH)
Batting: SHB Francisco Rojas 0-0: Called Strike
0-1: Ground out 1-3 (Groundball, 13, EV 83.8 MPH)
Batting: SHB Osvaldo Ardiles 0-0: Swinging Strike
0-1: Foul Ball, location: 2F
0-2: Strikes out swinging
Top of the 4th over - 0 runs, 0 hits, 0 errors, 0 left on base; Athletic Club KC 0 - Columbia 2
BOTTOM OF THE 4TH
Columbia River Rats batting - Pitching for Athletic Club KC U-24 : RHP Bill Torres
Batting: RHB Koryusai Maejima 0-0: Foul Ball, location: 2F
0-1: Ball
1-1: Called Strike
1-2: Fly out, F9 (Flyball, 9S, EV 73.8 MPH)
Batting: RHB Robbie Clark 0-0: Ball
1-0: Ball
2-0: Ball
3-0: Called Strike
3-1: Called Strike
3-2: Fly out, F8 (Flyball, 8RM, EV 96.9 MPH)
Batting: LHB Al Tanner 0-0: Ball
1-0: Ball
2-0: Ball
3-0: Called Strike
3-1: SINGLE (Groundball, 4, EV 103.1 MPH) (infield hit)
Batting: RHB Oliver Buss 0-0: Ball
1-0: Ball
2-0: SINGLE (Groundball, 25, EV 72.5 MPH) (infield hit)
Al Tanner to second
Batting: RHB Yvon Parisot 0-0: Ball
1-0: Foul Ball, location: 2F
1-1: Ball
2-1: Foul Ball, location: 2F
2-2: Ground out 1-3 (Groundball, 23, EV 90.6 MPH)
Bottom of the 4th over - 0 runs, 2 hits, 0 errors, 2 left on base; Athletic Club KC 0 - Columbia 2
TOP OF THE 5TH
Athletic Club KC U-24 batting - Pitching for Columbia River Rats : RHP John Boyd
Batting: RHB Leon Burns 0-0: Fly out, F9 (Flyball, 9D, EV 97.5 MPH)
Batting: SHB Ross Evans 0-0: Ball
1-0: Foul Ball, location: 2F
1-1: Called Strike
1-2: Foul Ball, location: 2F
1-2: Ball
2-2: Ball
3-2: Strikes out looking
Batting: RHB Morton Scott 0-0: Fly out, F9 (Flyball, 9LS, EV 96.9 MPH)
Top of the 5th over - 0 runs, 0 hits, 0 errors, 0 left on base; Athletic Club KC 0 - Columbia 2
BOTTOM OF THE 5TH
Columbia River Rats batting - Pitching for Athletic Club KC U-24 : RHP Bill Torres
Batting: RHB Robinson Vargas 0-0: Ball
1-0: Swinging Strike
1-1: Ball
2-1: Foul Ball, location: 2F
2-2: Ball
3-2: Foul Ball, location: 2F
3-2: Ground out 5-3 (Groundball, 56, EV 85.6 MPH)
Batting: RHB Gregor Lennox 0-0: Called Strike
0-1: Swinging Strike
0-2: Strikes out swinging
Batting: LHB Amani Marwan 0-0: Foul Ball, location: 2F
0-1: Ball
1-1: Called Strike
1-2: Ball
2-2: Foul Ball, location: 2F
2-2: Strikes out swinging
Bottom of the 5th over - 0 runs, 0 hits, 0 errors, 0 left on base; Athletic Club KC 0 - Columbia 2
TOP OF THE 6TH
Athletic Club KC U-24 batting - Pitching for Columbia River Rats : RHP John Boyd
Batting: RHB Doug Bishop 0-0: Called Strike
0-1: Swinging Strike
0-2: Strikes out swinging
Batting: RHB James Allingham 0-0: Ball
1-0: DOUBLE (Groundball, 5L, EV 107.5 MPH)
Batting: LHB Greg Flynn 0-0: Ball
1-0: Ball
2-0: Called Strike
2-1: Ground out U3 (Groundball, 34, EV 94.4 MPH)
James Allingham to third
Batting: RHB Neal Lewis 0-0: Called Strike
0-1: Foul Ball, location: 2F
0-2: Ball
1-2: Ball
2-2: Fly out, F8 (Line Drive, 8LM, EV 85.6 MPH)
Top of the 6th over - 0 runs, 1 hit, 0 errors, 1 left on base; Athletic Club KC 0 - Columbia 2
BOTTOM OF THE 6TH
Columbia River Rats batting - Pitching for Athletic Club KC U-24 : RHP Bill Torres
Pitching: RHP Rodney Johnson
Batting: RHB Guillermo Alemán 0-0: Swinging Strike
0-1: Swinging Strike
0-2: Foul Ball, location: 2F
0-2: Strikes out looking
Batting: RHB Koryusai Maejima 0-0: Foul Ball, location: 2F
0-1: Ball
1-1: Foul Ball, location: 2F
1-2: Foul Ball, location: 2F
1-2: Ball
2-2: Fly out, F8 (Flyball, 8LXD, EV 99.4 MPH)
Batting: RHB Robbie Clark 0-0: Ball
1-0: Called Strike
1-1: Called Strike
1-2: Strikes out swinging
Bottom of the 6th over - 0 runs, 0 hits, 0 errors, 0 left on base; Athletic Club KC 0 - Columbia 2
TOP OF THE 7TH
Athletic Club KC U-24 batting - Pitching for Columbia River Rats : RHP John Boyd
Batting: SHB Francisco Rojas 0-0: Fly out, F7 (Flyball, 7, EV 84.4 MPH)
Batting: SHB Osvaldo Ardiles 0-0: Foul Ball, location: 2F
0-1: Called Strike
0-2: Strikes out swinging
Batting: RHB Leon Burns 0-0: Foul Ball, location: 2F
0-1: Swinging Strike
0-2: Strikes out looking
Top of the 7th over - 0 runs, 0 hits, 0 errors, 0 left on base; Athletic Club KC 0 - Columbia 2
BOTTOM OF THE 7TH
Columbia River Rats batting - Pitching for Athletic Club KC U-24 : RHP Rodney Johnson
Batting: LHB Al Tanner 0-0: Ground out 6-3 (Groundball, 6M, EV 83.8 MPH)
Batting: RHB Oliver Buss 0-0: Foul Ball, location: 2F
0-1: Called Strike
0-2: Foul Ball, location: 2F
0-2: Foul Ball, location: 2F
0-2: Strikes out swinging
Batting: RHB Yvon Parisot 0-0: Ground out 2-3 (Groundball, 2R, EV 65.6 MPH)
Bottom of the 7th over - 0 runs, 0 hits, 0 errors, 0 left on base; Athletic Club KC 0 - Columbia 2
TOP OF THE 8TH
Athletic Club KC U-24 batting - Pitching for Columbia River Rats : RHP John Boyd
Pitching: RHP Matt Buck
Batting: SHB Ross Evans 0-0: Called Strike
0-1: Ball
1-1: Fly out, F8 (Line Drive, 8LD, EV 88.1 MPH)
Batting: RHB Morton Scott 0-0: Ball
1-0: Ball
2-0: Called Strike
2-1: Foul Ball, location: 2F
2-2: Foul Ball, location: 2F
2-2: Ball
3-2: Foul Ball, location: 2F
3-2: Foul Ball, location: 2F
3-2: Foul Ball, location: 2F
3-2: Ground out U3 (Groundball, 34, EV 85.0 MPH)
Batting: RHB Doug Bishop 0-0: Called Strike
0-1: Ball
1-1: Ball
2-1: Ball
3-1: Foul Ball, location: 2F
3-2: DOUBLE (Line Drive, 7LD, EV 108.1 MPH)
Batting: RHB James Allingham 0-0: Ground out 6-3 (Groundball, 6S, EV 83.8 MPH)
Top of the 8th over - 0 runs, 1 hit, 0 errors, 1 left on base; Athletic Club KC 0 - Columbia 2
BOTTOM OF THE 8TH
Columbia River Rats batting - Pitching for Athletic Club KC U-24 : RHP Rodney Johnson
Pitching: RHP Amin Yahouse
Batting: RHB Robinson Vargas 0-0: Called Strike
0-1: Ball
1-1: SINGLE (Groundball, 4M, EV 79.4 MPH) (infield hit)
Batting: RHB Gregor Lennox 0-0: Called Strike
0-1: Ball
1-1: Fielders Choice at 2nd, 5-4 (Groundball, 56S, EV 88.8 MPH)
Batting: LHB Amani Marwan 0-0: Called Strike
0-1: Swinging Strike
0-2: SINGLE (Groundball, 34, EV 105.0 MPH) (infield hit)
Gregor Lennox to second
Batting: RHB Guillermo Alemán 0-0: Ball
1-0: Ball
2-0: Called Strike
2-1: Grounds into double play, 6-4-3 (Groundball, 6, EV 102.5 MPH)
Bottom of the 8th over - 0 runs, 2 hits, 0 errors, 1 left on base; Athletic Club KC 0 - Columbia 2
TOP OF THE 9TH
Athletic Club KC U-24 batting - Pitching for Columbia River Rats : RHP Matt Buck
Pitching: RHP Jason Cannon
Batting: LHB Greg Flynn 0-0: Ball
1-0: Ball
2-0: Ball
3-0: Base on Balls
Batting: RHB Neal Lewis 0-0: Called Strike
0-1: Ball
1-1: Called Strike
1-2: Fielders Choice at 2nd, 2-4 (Groundball, 15S, EV 72.5 MPH)
Pinch Hitting: LHB Ron Whitney 0-0: Called Strike
0-1: Foul Ball, location: 2F
0-2: Hit by Pitch
Neal Lewis to second
Batting: SHB Osvaldo Ardiles 0-0: Foul Ball, location: 2F
0-1: Ball
1-1: Ball
2-1: Foul Ball, location: 2F
2-2: Foul Ball, location: 2F
2-2: Strikes out swinging
Pinch Hitting: LHB Derek Robinson 0-0: Foul Ball, location: 2F
0-1: Swinging Strike
0-2: Foul Ball, location: 2F
0-2: Ball
1-2: Fly out, F4 (Flyball, 3D, EV 91.9 MPH)
Top of the 9th over - 0 runs, 0 hits, 0 errors, 2 left on base; Athletic Club KC 0 - Columbia 2
Tuesday, January 5th, 2021 - OOTP Baseball 20.8 Build 74